 Dungeon Crawl Stone Soup version 0.26-a0-27-g1f0226971c (webtiles) character file.

Game seed: 17894859624641357098, levelgen mode: deterministic

213 vurker the Digger (level 5, -5/34 HPs)
             Began as an Octopode Earth Elementalist on May 27, 2020.
             Asphyxiated
             ... on level 3 of the Dungeon.
             The game lasted 00:03:55 (3820 turns).

vurker the Digger (Octopode Earth Elementalist)     Turns: 3820, Time: 00:03:56

Health: -5/34      AC:  1    Str:  7    XL:     5   Next: 90%
Magic:  5/10       EV: 13    Int: 18    God:
Gold:   122        SH:  0    Dex: 13    Spells: 10/11 levels left

rFire    . . .     SeeInvis .   q - +0 dagger (holy)
rCold    . . .     Gourm    .   (no shield)
rNeg     . . .     Faith    .   (helmet restricted)
rPois    .         Spirit   .   (no amulet)
rElec    .         Reflect  .   (no ring)
rCorr    .         Harm     .   (no ring)
MR       .....                  (no ring)
Stlth    +++.......             (no ring)
HPRegen  0.11/turn              (no ring)
MPRegen  0.12/turn              (no ring)
                                (no ring)
                                (no ring)

@: lethally poisoned (-5 -> -34), very slightly contaminated, slowed, very slow
A: almost no armour, stealthy swim, amphibious, 8 rings, constrict 8, camouflage
1, gelatinous body 1
a: no special abilities


You were on level 3 of the Dungeon.
You were not hungry.

You visited 1 branch of the dungeon, and saw 3 of its levels.

You collected 122 gold pieces.

Inventory:

Hand Weapons
 q - a +0 dagger of holy wrath (weapon)
   (You took it off a goblin on level 3 of the Dungeon)
Missiles
 b - 83 stones (quivered)
Wands
 d - a wand of iceblast (3)
   (You found it on level 3 of the Dungeon)
Scrolls
 a - 3 scrolls of enchant weapon {unknown}
 g - 4 scrolls of identify {unknown}
 h - 2 scrolls of amnesia {unknown}
 l - a scroll of remove curse {unknown}
 m - 2 scrolls of enchant armour {unknown}
 p - 2 scrolls of immolation {unknown}
Potions
 f - a potion of ambrosia {unknown}
 i - a potion of lignification {unknown}
 j - a potion of berserk rage {unknown}
 k - a potion of mutation {unknown}
 n - a potion of curing {unknown}
 o - a potion of degeneration {unknown}
Comestibles
 c - 3 chunks of flesh
 e - 6 rations


   Skills:
 + Level 2.2 Fighting
 - Level 2.0 Dodging
 - Level 2.6 Stealth
 * Level 3.7 Spellcasting
   Level 1.0 Transmutations
 * Level 4.5 Earth Magic


You had 10 spell levels left.
You knew the following spells:

 Your Spells              Type           Power        Failure   Level  Hunger
a - Sandblast             Erth           ###...       2%          1    None

Your spell library contained the following spells:

 Spells                   Type           Power        Failure   Level  Hunger
 Passwall                 Tmut/Erth      ##......     8%          2    ##.....
 Stone Arrow              Conj/Erth      ##....       19%         3    ###....
 Petrify                  Tmut/Erth      ##......     43%         4    ####...
 Lee's Rapid Deconstruct  Erth           ###.......   54%         5    ######.


Dungeon Overview and Level Annotations

Branches:
Dungeon (3/15)

Altars:
Makhleb


Innate Abilities, Weirdness & Mutations

You cannot wear most types of armour.
You are very stealthy in the water. (Stealth+)
You are amphibious.
You can wear up to eight rings at the same time.
You can use your tentacles to constrict eight enemies at once.
Your skin changes colour to match your surroundings (Stealth+).
Your rubbery body absorbs attacks. (AC +1, EV +1)


Message History

The blast of sand hits the orc.
b - 85 stones The orc barely misses you.
You hit the orc but do no damage. You grab the orc. You constrict the orc.
The orc closely misses you.
Aim: an orc, wearing a +0 leather armour (severely wounded, constricted by you)
The blast of sand hits the orc!
You kill the orc!
b - 84 stones The goblin shouts!
You hear a bark!
Aim: an orc priest The blast of sand hits the orc priest.
b - 83 stones The orc priest hits you but does no damage.
The goblin throws a curare-tipped dart.
The curare-tipped dart closely misses you.
The curare-tipped dart closely misses the orc priest.
You hit the orc priest but do no damage.
You grab the orc priest. You constrict the orc priest.
The orc priest calls down the wrath of Beogh upon you.
Pain shoots through your body!
* * * LOW HITPOINT WARNING * * *
You hit the orc priest but do no damage.
You squeeze the orc priest.
You constrict the orc priest, but do no damage.
The orc priest hits you but does no damage.
The goblin throws a curare-tipped dart.
The curare-tipped dart closely misses you.
The curare-tipped dart hits the orc priest.
The orc priest is poisoned.
The orc priest convulses.
The orc priest dies!
A jackal comes into view.
The goblin throws a curare-tipped dart.
The curare-tipped dart hits you.
You are poisoned.
You have difficulty breathing.
* * * LOW HITPOINT WARNING * * *
You feel yourself slow down.
You see here a curare-tipped dart.
Aim: a goblin, wielding a +0 flail and quivering 5 curare-tipped darts You miscast Sandblast.
You are very lightly contaminated with residual magic.
Nothing appears to happen.
The jackal barks!
* * * LOW HITPOINT WARNING * * *
You feel sick.
You hear a bark!
The goblin throws a curare-tipped dart.
The curare-tipped dart hits you.
You are more poisoned.
You have difficulty breathing.
You die...

########)##.. ###
#.##.# ..# ##.##.#
#.# ##...#.######
#.####.........<..
#<#............#.#
#.#.##......##..#.
#.#.###.....##.#.#
#@....##.#..#....#
#.###.##.........#
#g# #............#
#.###.##.........#
#..#..##...>....##
#h######.......##
#.# ......#.###
.## ...........
...########


You could see a jackal and a goblin.

Vanquished Creatures
  A howler monkey (D:2)
  An orc priest (D:3)
  Robin (D:3)
  4 adders
  An ooze (D:2)
  A worm (D:2)
  2 dart slugs
  A leopard gecko (D:3)
  An orc (D:3)
  A ball python (D:2)
  3 bats
  2 giant cockroaches
  14 goblins
  8 hobgoblins
  11 jackals (D:2)
  4 frilled lizards
  7 kobolds
  2 rats
65 creatures vanquished.

Vanquished Creatures (others)
  An orc priest (D:3)
1 creature vanquished.

Grand Total: 66 creatures vanquished

Notes
Turn   | Place    | Note
-------+----------+-------------------------------------------
     0 | D:1      | vurker the Octopode Earth Elementalist began the quest for
                  | the Orb.
     0 | D:1      | Reached XP level 1. HP: 11/11 MP: 3/3
   462 | D:1      | Reached XP level 2. HP: 14/18 MP: 5/5
  1405 | D:2      | Reached XP level 3. HP: 22/22 MP: 6/6
  1630 | D:2      | Reached skill level 1 in Fighting
  2158 | D:2      | Reached XP level 4. HP: 27/28 MP: 8/8
  2287 | D:2      | Reached skill level 4 in Earth Magic
  2915 | D:2      | Found a burning altar of Makhleb.
  3072 | D:2      | Reached XP level 5. HP: 34/34 MP: 9/9
  3500 | D:3      | Noticed Robin
  3529 | D:3      | Killed Robin
  3820 | D:3      | Asphyxiated

Illustrated notes

Levels and vault maps discovered:
D:1:      ncdulo_lavacross, layout_loops_cross
D:2:      minmay_general_purpose_star, layout_loops_corners,
          makhleb_altar_promises_db, first_ration
D:3:      layout_loops_ring, minmay_overflow_temple_star_quad, uniq_robin

Skill      XL: |  1  2  3  4  5 |
---------------+----------------+-----
Fighting       | 1 2 |  2.2
Spellcasting   | 3 |  3.7
Earth Magic    | 4 |  4.5
Dodging        | |  2.0
Stealth        | |  2.6
Transmutations | |  1.0

Action                   |  1- 3 |  4- 6 || total
-------------------------+-------+-------++-------
Melee: Unarmed           |     8 |       ||     8
       Dagger            |    59 |    77 ||   136
       Constrict         |    15 |    24 ||    39
       Tentacles         |    10 |    10 ||    20
 Cast: Sandblast         |    12 |    20 ||    32
 Stab: Sleeping          |     7 |     3 ||    10
       Distracted        |     1 |       ||     1
  Eat: Chunk             |     4 |     5 ||     9
Armor: Skin              |       |     7 ||     7
Dodge: Dodged            |    49 |    51 ||   100

Table legend:
 A = Non-vault XP
 B = Vault XP
 C = Vault XP percentage of total XP
 D = Non-vault monster count
 E = Vault monster count
 F = Vault count percentage of total count
                 A         B        C        D         E       F
            +---------+---------+-------+---------+---------+-------
      Total |     254 |      51 |  16.7 |      52 |      14 |  21.2
            +---------+---------+-------+---------+---------+-------
        D:1 |      23 |       0 |   0.0 |      13 |       0 |   0.0
        D:2 |     129 |      20 |  13.4 |      29 |       5 |  14.7
        D:3 |     102 |      31 |  23.3 |      10 |       9 |  47.4
            +---------+---------+-------+---------+---------+-------
